Map: Acid Plant LE

Players

Woogie

  • Race: Zerg Zerg
  • League: Diamond
  • Spawn Location: 11:00

MixxMastaJrT - Winner!

  • Race: Zerg Zerg
  • League: Diamond
  • Spawn Location: 5:00

VOD

Have the link to the VOD?

Description

Not really sure what I was thinking in this one. As you can see, it wasn't really a contest.

Time

  • Played on: Sept. 19, 2018, 8:02 p.m.
  • Length: 9:24
Show
View Real Time Build Order
Export as new Build Order

Woogie Zerg 

Build Orders: Hatch First 

Get SALT Encoding   

  12  0:00  Drone  
  13  0:12  Overlord  
  13  0:17  Drone  
  14  0:30  Drone  
  14  0:31  Drone  
  14  0:34  Drone  
  17  0:54  Hatchery  
  17  0:55  Drone  
  17  1:10  Spawning Pool  
  16  1:13  Extractor  
  16  1:14  Drone  
  16  1:17  Drone  
  17  1:22  Drone  
  18  1:29  Drone  
  19  1:39  Drone  
  20  1:49  Overlord  
  20  1:56  Queen  
  22  2:07  Queen  
  24  2:09  Zergling x4  
  24  2:15  Metabolic Boost  
  26  2:26  Drone x3  
  26  2:28  Drone  
  30  2:37  Queen  
  32  2:54  Overlord  
  32  2:55  Drone x3  
  32  2:56  Drone  
  36  3:13  Evolution Chamber  
  36  3:17  Evolution Chamber  
  34  3:23  Baneling Nest  
  33  3:31  Drone x2  
  33  3:32  Drone x4  
  39  3:54  Hatchery  
  38  4:00  Zergling x2  
  38  4:01  Zergling x10  
  38  4:02  Overlord x2  
  44  4:03  Overlord  
  44  4:20  Queen x2  
  48  4:35  Drone x3  
  51  4:42  Drone x3  
  51  4:43  Overlord x2, Drone x4  
  58  4:48  Baneling x2  
  57  5:19  Extractor  
  57  5:20  Extractor  
  54  5:23  Roach Warren  
  53  5:30  Drone x2  
  53  5:32  Zerg Ground Armor Level 1, Zerg Missile Weapons Level 1  
  55  5:36  Drone  
  55  5:37  Drone x8  
  64  6:07  Overlord x4  
  64  6:10  Lair  
  64  6:14  Roach x2  
  64  6:15  Roach x2  
  70  6:46  Roach x9  
  70  6:47  Roach x2  
  92  7:01  Extractor  
  91  7:02  Drone x3  
  91  7:03  Drone x4  
  91  7:05  Overlord x2  
  91  7:06  Overlord  
  97  7:23  Hatchery  
  94  7:30  Ravager x5  
  94  7:36  Extractor x2  
  97  7:38  Drone x5  
  97  7:43  Pneumatized Carapace  
  102  8:04  Roach x8  
  117  8:15  Overlord x2  
  117  8:16  Overlord x3  
  115  8:42  Roach x4  
  115  8:43  Roach x7  
  137  8:53  Drone x3  
  137  8:54  Drone x3  
  144  8:55  Drone x2  
  144  8:56  Drone x3  
Show
View Real Time Build Order
Export as new Build Order

MixxMastaJrT Zerg - Winner!

Build Orders: Hatch First 

Get SALT Encoding   

  12  0:01  Drone  
  13  0:12  Overlord  
  13  0:17  Drone  
  14  0:31  Drone  
  14  0:32  Drone  
  16  0:36  Drone  
  17  0:55  Hatchery, Drone  
  17  0:57  Drone  
  18  1:14  Drone  
  18  1:15  Spawning Pool  
  18  1:19  Drone  
  19  1:34  Drone  
  20  1:40  Overlord  
  20  1:57  Drone  
  21  2:01  Queen  
  21  2:02  Zergling x2  
  21  2:08  Queen  
  24  2:10  Drone  
  24  2:11  Drone  
  28  2:17  Drone  
  28  2:21  Drone  
  30  2:25  Hatchery  
  30  2:29  Drone  
  30  2:37  Queen  
  30  2:44  Queen, Drone  
  33  2:46  Overlord  
  35  3:00  Drone  
  35  3:04  Overlord  
  37  3:12  Drone  
  37  3:13  Overlord, Drone x4  
  41  3:22  Drone  
  41  3:23  Drone x4  
  41  3:26  Extractor  
  45  3:27  Extractor  
  45  3:32  Extractor  
  45  3:33  Extractor  
  42  3:35  Drone x2  
  42  3:41  Drone x3  
  45  3:48  Roach Warren  
  46  4:20  Drone x4  
  46  4:24  Metabolic Boost  
  50  4:25  Lair  
  50  4:29  Roach  
  50  4:30  Roach  
  56  4:31  Roach  
  56  4:35  Roach  
  56  4:37  Drone x3  
  56  4:38  Drone x3  
  64  4:44  Zergling x4  
  64  5:00  Roach  
  64  5:02  Roach  
  61  5:25  Drone  
  61  5:26  Drone x4  
  61  5:27  Overlord x4  
  66  5:36  Glial Reconstitution  
  66  5:42  Evolution Chamber  
  65  5:45  Evolution Chamber  
  65  5:50  Drone x7  
  65  5:51  Drone x3  
  74  6:01  Roach  
  74  6:02  Roach x3  
  82  6:06  Hydralisk Den, Roach x3  
  82  6:09  Zerg Missile Weapons Level 1  
  87  6:12  Zerg Ground Armor Level 1  
  87  6:14  Overlord  
  87  6:29  Roach  
  87  6:30  Hatchery, Roach x4  
  95  6:38  Extractor, Muscular Augments  
  95  6:39  Extractor  
  93  6:42  Drone x5  
  93  6:46  Roach  
  93  6:47  Overlord, Roach x3  
  105  7:07  Roach x4  
  113  7:16  Overlord x3  
  111  7:30  Ravager x3  
  114  7:37  Ravager x4  
  114  7:38  Roach, Ravager x2  
  114  7:39  Roach x4  
  114  7:40  Overlord x3  
  114  7:41  Zergling x2  
  114  7:42  Zergling x20  
  141  7:54  Roach  
  141  7:55  Overlord x2  
  145  8:20  Roach x8  
  145  8:24  Roach x5  
  168  8:33  Roach  
  166  8:34  Roach x3  
  166  8:37  Lurker Den  
  165  8:51  Drone  
  165  8:52  Drone x6  
  165  8:53  Overlord  
Tags
 
Add a new tag
Caveats
  • Supply blocks, unpowered buildings, or Contaminate may cause inaccurate times.
  • Supply counts are checked every 10 seconds.